EL
ERIE SEAWOLVES @ PORTLAND SEA DOGS
09/07/2098
 
TOP OF THE 1ST
Erie SeaWolves batting - Pitching for Portland Sea Dogs : RHP Joe Colson
Pitching: RHP Joe Colson
Batting: SHB Jim Unknown 0-0: Ball
1-0: Ground out U3 (Groundball, 34, EV 105.0 MPH)
Batting: RHB Mark Burkett 0-0: Ball
1-0: Ball
2-0: Called Strike
2-1: Foul Ball, location: 2F
2-2: Foul Ball, location: 2F
2-2: Ball
3-2: Ground out 1-3 (Groundball, 13S, EV 66.9 MPH)
Batting: SHB Tony Ortega 0-0: Ball
1-0: SINGLE (Line Drive, 4MD, EV 98.8 MPH)
Batting: RHB Ricardo Meza 0-0: SINGLE (Line Drive, 4D, EV 103.8 MPH)
Tony Ortega to second
Batting: SHB Jim Hall 0-0: Ball
1-0: Called Strike
1-1: Ball
2-1: SINGLE (Line Drive, 6D, EV 100.6 MPH)
Tony Ortega to third
Ricardo Meza to second
Batting: RHB Rich Armentrout 0-0: Called Strike
0-1: Ball
1-1: Ball
2-1: Called Strike
2-2: Ball
3-2: Base on Balls
Tony Ortega scores
Ricardo Meza to third
Jim Hall to second
Batting: RHB Pedro Gonzalez 0-0: Ball
1-0: TRIPLE (Flyball, 9D, EV 93.8 MPH)
Ricardo Meza scores
Jim Hall scores
Rich Armentrout scores
Batting: RHB Mike Nesseth 0-0: Ball
1-0: Called Strike
1-1: Ball
2-1: Called Strike
2-2: Strikes out swinging
Top of the 1st over - 4 runs, 4 hits, 0 errors, 1 left on base; Erie 4 - Portland 0
BOTTOM OF THE 1ST
Portland Sea Dogs batting - Pitching for Erie SeaWolves : LHP Bryan Curry
Pitching: LHP Bryan Curry
Batting: RHB Danny Campos 0-0: Called Strike
0-1: Ball
1-1: Foul Ball, location: 7LMF
1-2: Hit by Pitch
Batting: RHB Matt Frank 0-0: Called Strike
0-1: Grounds into double play, 5-4-3 (Groundball, 5, EV 89.4 MPH)
Batting: LHB Chris Baker 0-0: Ball
1-0: Foul Ball, location: 7LMF
1-1: Foul Ball, location: 2F
1-2: Foul Ball, location: 2RF
1-2: Ground out 4-3 (Groundball, 4, EV 84.4 MPH)
Bottom of the 1st over - 0 runs, 0 hits, 0 errors, 0 left on base; Erie 4 - Portland 0
TOP OF THE 2ND
Erie SeaWolves batting - Pitching for Portland Sea Dogs : RHP Joe Colson
Batting: RHB Jim Unknown 0-0: Ball
1-0: Foul Ball, location: 5F
1-1: Ball
2-1: Swinging Strike
2-2: Foul Ball, location: 3FF
2-2: Foul Ball, location: 9LMF
2-2: Ball
3-2: Strikes out swinging
Batting: SHB Jim Unknown 0-0: Ball
1-0: Swinging Strike
1-1: Foul Ball, location: 7LMF
1-2: Strikes out swinging
Batting: RHB Mark Burkett 0-0: Ball
1-0: Swinging Strike
1-1: Ground out 6-3 (Groundball, 6, EV 89.4 MPH)
Top of the 2nd over - 0 runs, 0 hits, 0 errors, 0 left on base; Erie 4 - Portland 0
BOTTOM OF THE 2ND
Portland Sea Dogs batting - Pitching for Erie SeaWolves : LHP Bryan Curry
Batting: RHB Steve Abrahamson 0-0: Ball
1-0: Ball
2-0: Called Strike
2-1: Swinging Strike
2-2: Foul Ball, location: 3F
2-2: Ball
3-2: Base on Balls
Batting: LHB James Borst 0-0: Ball
Wild Pitch!
Steve Abrahamson to second
1-0: Ball
2-0: Ground out 5-3 (Groundball, 56, EV 85.0 MPH)
Batting: RHB Josh Storlie 0-0: Ball
1-0: Ball
2-0: Called Strike
2-1: Ground out U3 (Groundball, 3, EV 107.5 MPH)
Steve Abrahamson to third
Batting: SHB Andy Herman 0-0: Hit by Pitch
Batting: LHB Jason McIntosh 0-0: Called Strike
0-1: Called Strike
0-2: Strikes out looking
Bottom of the 2nd over - 0 runs, 0 hits, 0 errors, 2 left on base; Erie 4 - Portland 0
TOP OF THE 3RD
Erie SeaWolves batting - Pitching for Portland Sea Dogs : RHP Joe Colson
Batting: SHB Tony Ortega 0-0: Foul Ball, location: 2F
0-1: Ball
1-1: Called Strike
1-2: Foul Ball, location: 2F
1-2: Foul Ball, location: 2F
1-2: Ball
2-2: Strikes out swinging
Batting: RHB Ricardo Meza 0-0: Called Strike
0-1: Ball
1-1: Hit by Pitch
Batting: SHB Jim Hall 0-0: Ball
1-0: SINGLE (Groundball, 34D, EV 94.4 MPH)
Ricardo Meza to second
Runner from 2nd tries for 3rd, SAFE, no throw by RF
Batting: RHB Rich Armentrout 0-0: Called Strike
0-1: Fly out, F7 (Flyball, 7, EV 99.4 MPH)
Runner from 3rd tags up, OUT at HOME! 7-2
Top of the 3rd over - 0 runs, 1 hit, 0 errors, 1 left on base; Erie 4 - Portland 0
BOTTOM OF THE 3RD
Portland Sea Dogs batting - Pitching for Erie SeaWolves : LHP Bryan Curry
Now at 1B: Pedro Gonzalez
Now in LF: Jim Unknown
Now in CF: Jim Unknown
Batting: LHB Ramiro Argueta 0-0: Fly out, F9 (Flyball, 9D, EV 106.3 MPH)
Batting: RHB Danny Campos 0-0: Ball
1-0: Ball
2-0: Called Strike
2-1: Ball
3-1: Base on Balls
Batting: RHB Matt Frank 0-0: Called Strike
0-1: Grounds into double play, 6-4-3 (Groundball, 6, EV 91.9 MPH)
Bottom of the 3rd over - 0 runs, 0 hits, 0 errors, 0 left on base; Erie 4 - Portland 0
TOP OF THE 4TH
Erie SeaWolves batting - Pitching for Portland Sea Dogs : RHP Joe Colson
Batting: RHB Pedro Gonzalez 0-0: Fly out, F8 (Flyball, 8RXD, EV 111.3 MPH)
Batting: RHB Mike Nesseth 0-0: Ground out 6-3 (Groundball, 56D, EV 94.4 MPH)
Batting: RHB Jim Unknown 0-0: Called Strike
0-1: Swinging Strike
0-2: Strikes out swinging
Top of the 4th over - 0 runs, 0 hits, 0 errors, 0 left on base; Erie 4 - Portland 0
BOTTOM OF THE 4TH
Portland Sea Dogs batting - Pitching for Erie SeaWolves : LHP Bryan Curry
Batting: LHB Chris Baker 0-0: Ball
1-0: Ball
2-0: Called Strike
2-1: Swinging Strike
2-2: Foul Ball, location: 2RF
2-2: Fly out, F8 (Line Drive, 89M, EV 89.4 MPH)
Batting: RHB Steve Abrahamson 0-0: Ball
1-0: Swinging Strike
1-1: Ground out U3 (Groundball, 34, EV 83.8 MPH)
Batting: LHB James Borst 0-0: Called Strike
0-1: Fly out, F9 (Flyball, 9S, EV 85.6 MPH)
Bottom of the 4th over - 0 runs, 0 hits, 0 errors, 0 left on base; Erie 4 - Portland 0
TOP OF THE 5TH
Erie SeaWolves batting - Pitching for Portland Sea Dogs : RHP Joe Colson
Batting: SHB Jim Unknown 0-0: Ball
1-0: Hit by Pitch
Batting: RHB Mark Burkett 0-0: Called Strike
0-1: Swinging Strike
0-2: Ball
1-2: Fly out, F9 (Line Drive, 89M, EV 104.4 MPH)
Batting: SHB Tony Ortega 0-0: Ball
1-0: Grounds out, U3 (Groundball, 3L, EV 85.0 MPH)
Batting: RHB Jim Unknown 0-0: Called Strike
0-1: Reached on error, E4 (Groundball, 4M, EV 98.8 MPH)
Batting: SHB Jim Hall 0-0: Foul Ball, location: 2F
0-1: Ball
1-1: Called Strike
1-2: Ball
2-2: Fly out, F7 (Flyball, 7, EV 76.9 MPH)
Top of the 5th over - 0 runs, 0 hits, 1 error, 2 left on base; Erie 4 - Portland 0
BOTTOM OF THE 5TH
Portland Sea Dogs batting - Pitching for Erie SeaWolves : LHP Bryan Curry
Batting: RHB Josh Storlie 0-0: Foul Ball, location: 25FF
0-1: Ground out 5-3 (Groundball, 56S, EV 70.0 MPH)
Batting: SHB Andy Herman 0-0: Ball
1-0: Called Strike
1-1: Ball
2-1: Fly out, F3 (Popup, 3S, EV 72.5 MPH)
Batting: LHB Jason McIntosh 0-0: Foul Ball, location: 7LSF
0-1: Called Strike
0-2: Ball
1-2: Ball
2-2: Strikes out looking
Bottom of the 5th over - 0 runs, 0 hits, 0 errors, 0 left on base; Erie 4 - Portland 0
TOP OF THE 6TH
Erie SeaWolves batting - Pitching for Portland Sea Dogs : RHP Joe Colson
Batting: RHB Rich Armentrout 0-0: Ball
1-0: Called Strike
1-1: Ground out U3 (Groundball, 3S, EV 78.8 MPH)
Pitching: RHP Randy Cron
Batting: RHB Pedro Gonzalez 0-0: SINGLE (Groundball, 3D, EV 103.1 MPH)
Batting: RHB Mike Nesseth 0-0: Swinging Strike
0-1: Swinging Strike
0-2: Ball
1-2: Fly out, F5 (Popup, 5L, EV 65.0 MPH)
Batting: RHB Jim Unknown 0-0: Ground out 1-3 (Groundball, 13S, EV 66.9 MPH)
Top of the 6th over - 0 runs, 1 hit, 0 errors, 1 left on base; Erie 4 - Portland 0
BOTTOM OF THE 6TH
Portland Sea Dogs batting - Pitching for Erie SeaWolves : LHP Bryan Curry
Batting: LHB Ramiro Argueta 0-0: Ball
1-0: Ball
2-0: Ball
3-0: Called Strike
3-1: Fly out, F4 (Popup, 4S, EV 76.3 MPH)
Batting: RHB Danny Campos 0-0: Foul Ball, location: 2F
0-1: Ball
1-1: Swinging Strike
1-2: Foul Ball, location: 2LF
1-2: Ball
2-2: Ball
3-2: SINGLE (Line Drive, 8LS, EV 105.0 MPH)
Batting: RHB Matt Frank 0-0: Ball
1-0: 2-RUN HOME RUN (Flyball, 78XD, EV 102.5 MPH), Distance : 405 ft
Batting: LHB Chris Baker 0-0: Ball
1-0: Ball
2-0: Swinging Strike
2-1: Ball
3-1: Foul Ball, location: 7LDF
3-2: Base on Balls
Batting: RHB Steve Abrahamson 0-0: Ball
1-0: Ball
2-0: Ball
3-0: Called Strike
3-1: SINGLE (Line Drive, 9S, EV 100.0 MPH)
Chris Baker to second
Batting: LHB James Borst 0-0: Grounds into double play, 4-6-3 (Groundball, 4, EV 106.3 MPH)
Bottom of the 6th over - 2 runs, 3 hits, 0 errors, 1 left on base; Erie 4 - Portland 2
TOP OF THE 7TH
Erie SeaWolves batting - Pitching for Portland Sea Dogs : RHP Randy Cron
Batting: SHB Jim Unknown 0-0: Swinging Strike
0-1: Ball
1-1: Ball
2-1: Foul Ball, location: 2F
2-2: Strikes out looking
Batting: RHB Mark Burkett 0-0: Ball
1-0: Called Strike
1-1: Ball
2-1: Ball
3-1: Foul Ball, location: 23F
3-2: Strikes out swinging
Batting: SHB Tony Ortega 0-0: Foul Ball, location: 5FF
0-1: Ball
1-1: DOUBLE (Flyball, 8RXD, EV 103.8 MPH)
Batting: RHB Jim Unknown 0-0: Ball
1-0: Swinging Strike
1-1: Swinging Strike
1-2: Ball
2-2: Strikes out swinging
Top of the 7th over - 0 runs, 1 hit, 0 errors, 1 left on base; Erie 4 - Portland 2
BOTTOM OF THE 7TH
Portland Sea Dogs batting - Pitching for Erie SeaWolves : LHP Bryan Curry
Batting: RHB Josh Storlie 0-0: Foul Ball, location: 9LSF
0-1: Hit by Pitch
Batting: SHB Andy Herman 0-0: Ball
1-0: Called Strike
1-1: Hit by Pitch
Josh Storlie to second
Batting: LHB Jason McIntosh 0-0: Called Strike
0-1: Foul Ball, location: 2F
0-2: Foul Ball, location: 5SF
0-2: Ball
1-2: Fly out, F9 (Flyball, 9, EV 73.1 MPH)
Batting: LHB Ramiro Argueta 0-0: Ball
1-0: Ball
2-0: Called Strike
2-1: Ball
3-1: Base on Balls
Josh Storlie to third
Andy Herman to second
Batting: RHB Danny Campos 0-0: Ball
1-0: Called Strike
1-1: Foul Ball, location: 9LSF
1-2: Ball
2-2: Fly out, F9 (Flyball, 89S, EV 91.9 MPH)
Pitching: RHP Brandon Hansen
Batting: RHB Matt Frank 0-0: Ball
1-0: Ball
2-0: Ball
3-0: Called Strike
3-1: Base on Balls
Josh Storlie scores
Andy Herman to third
Ramiro Argueta to second
Batting: LHB Chris Baker 0-0: Called Strike
0-1: Ball
1-1: Ball
2-1: Swinging Strike
2-2: Foul Ball, location: 2RF
2-2: Ball
3-2: Foul Ball, location: 2F
3-2: Base on Balls
Andy Herman scores
Ramiro Argueta to third
Matt Frank to second
Batting: RHB Steve Abrahamson 0-0: Ball
1-0: Ball
2-0: Foul Ball, location: 3F
2-1: Called Strike
2-2: Foul Ball, location: 23FF
2-2: Ball
3-2: Base on Balls
Ramiro Argueta scores
Matt Frank to third
Chris Baker to second
Batting: LHB James Borst 0-0: Ball
1-0: Called Strike
1-1: Ball
2-1: Ball
3-1: Base on Balls
Matt Frank scores
Chris Baker to third
Steve Abrahamson to second
Batting: RHB Josh Storlie 0-0: Called Strike
0-1: Foul Ball, location: 2F
0-2: Ball
1-2: Foul Ball, location: 5F
1-2: Ball
2-2: Strikes out swinging
Bottom of the 7th over - 4 runs, 0 hits, 0 errors, 3 left on base; Erie 4 - Portland 6
TOP OF THE 8TH
Erie SeaWolves batting - Pitching for Portland Sea Dogs : RHP Randy Cron
Batting: SHB Jim Hall 0-0: Ball
1-0: Ball
2-0: Ball
3-0: Base on Balls
Batting: RHB Rich Armentrout 0-0: Called Strike
0-1: Foul Ball, location: 5FF
0-2: Foul Ball, location: 2F
0-2: Ball
1-2: Strikes out swinging
Batting: RHB Pedro Gonzalez 0-0: Ball
1-0: Ball
2-0: Ball
3-0: Called Strike
3-1: SINGLE (Flyball, 78S, EV 92.5 MPH)
Jim Hall to second
Batting: RHB Mike Nesseth 0-0: Foul Ball, location: 9LMF
0-1: Swinging Strike
0-2: Strikes out swinging
Batting: RHB Jim Unknown 0-0: Foul Ball, location: 25FF
0-1: Fly out, F7 (Flyball, 78S, EV 88.8 MPH)
Top of the 8th over - 0 runs, 1 hit, 0 errors, 2 left on base; Erie 4 - Portland 6
BOTTOM OF THE 8TH
Portland Sea Dogs batting - Pitching for Erie SeaWolves : RHP Brandon Hansen
Pitching: RHP Jonathan Williams
Batting: SHB Andy Herman 0-0: Called Strike
0-1: Ground out 5-3 (Groundball, 56, EV 95.0 MPH)
Batting: LHB Jason McIntosh 0-0: Fly out, F5 (Flyball, 5D, EV 98.8 MPH)
Batting: LHB Ramiro Argueta 0-0: Foul Ball, location: 3F
0-1: Swinging Strike
0-2: Ball
1-2: Fly out, F3 (Popup, 3SF, EV 70.6 MPH)
Bottom of the 8th over - 0 runs, 0 hits, 0 errors, 0 left on base; Erie 4 - Portland 6
TOP OF THE 9TH
Erie SeaWolves batting - Pitching for Portland Sea Dogs : RHP Randy Cron
Now at 1B: Ben Hunt
Batting: SHB Jim Unknown 0-0: Ball
1-0: Ball
2-0: Ball
3-0: Called Strike
3-1: Swinging Strike
3-2: Fly out, F7 (Flyball, 78S, EV 100.0 MPH)
Batting: RHB Mark Burkett 0-0: Ball
1-0: Ball
2-0: DOUBLE (Flyball, 89XD, EV 98.1 MPH)
Pitching: RHP Jose Recio
Batting: SHB Tony Ortega 0-0: Called Strike
0-1: Ball
1-1: Swinging Strike
1-2: Strikes out swinging
Pinch Hitting: LHB Jim Unknown 0-0: Ball
1-0: Called Strike
1-1: Foul Ball, location: 2F
1-2: Strikes out looking
Top of the 9th over - 0 runs, 1 hit, 0 errors, 1 left on base; Erie 4 - Portland 6
Sunday, April 14th , 2024 - OOTP Baseball 24.11 Build 85